 Dungeon Crawl Stone Soup version 0.21.1-1-g345015f (webtiles) character file.

17732 sking99 the Covert (level 12, -4/58 HPs)
             Began as a Spriggan Enchanter on June 23, 2018.
             Was an Elder of Dithmenos.
             Engulfed by a cloud of freezing vapour (15 damage)
             ... in an ice cave.
             The game lasted 01:31:14 (19780 turns).

sking99 the Covert (Spriggan Enchanter)            Turns: 19780, Time: 01:31:15

Health: -4/58      AC:  7    Str:  8    XL:     12   Next: 21%
Magic:  19/19      EV: 28    Int: 24    God:    Dithmenos [****..]
Gold:   345        SH:  3    Dex: 17    Spells: 10/19 levels left

rFire    . . .     SeeInvis +   a - +0 dagger (speed)
rCold    . . .     Gourm    .   (shield restricted)
rNeg     + . .     Faith    .   W - +2 robe {MR+}
rPois    .         Spirit   .   q - +2 hat {SInv}
rElec    .         Reflect  +   j - +0 cloak
rCorr    .         Harm     .   (gloves unavailable)
MR       ++++.                  (boots unavailable)
Stlth    +++++++++.             D - +3 amulet of reflection
HPRegen  0.19/turn              v - +4 ring of strength
MPRegen  0.16/turn              k - ring "Quttamn" {+Blink rN+ MR+ Int+3}

@: wreathed by umbra, very quick
A: very small, unfitting armour, see invisible, herbivore, speed 3, slow
metabolism 2
a: Shadow Step, Renounce Religion, Evoke Blink


You were in an ice cave.
You worshipped Dithmenos.
Dithmenos was greatly pleased with you.
You were very hungry.

You visited 3 branches of the dungeon, and saw 13 of its levels.
You also visited: Ice Cave.

You collected 723 gold pieces.
You spent 378 gold pieces at shops.

Inventory:

Hand Weapons
 a - a +0 dagger of speed (weapon)
 b - the +1 fustibalus of Nupeiq {freeze, Int+4 Dex+6 Stlth+}
   (You found it on level 10 of the Dungeon)

   It causes projectiles fired from it to freeze those they strike, causing
   extra injury to most foes and up to half again as much damage against
   particularly susceptible opponents.
   They can also slow down cold-blooded creatures.
   It affects your intelligence (+4).
   It affects your dexterity (+6).
   It makes you more stealthy.
Missiles
 X - 170 stones (quivered)
 Y - 65 sling bullets
Armour
 j - a +0 cloak (worn)
 q - a +2 hat of see invisible (worn)
 A - a scarf of spirit shield
 V - the +7 pearl dragon scales of Tamun {rElec rF+ rN+}
   (You found it on level 10 of the Dungeon)

   It protects you from fire.
   It insulates you from electricity.
   It protects you from negative energy.
 W - a +2 robe of magic resistance (worn)
Jewellery
 g - an uncursed ring of protection from fire
 k - the ring "Quttamn" (right hand) {+Blink rN+ MR+ Int+3}
   (You found it on level 7 of the Dungeon)

   [ring of protection from magic]

   It affects your intelligence (+3).
   It protects you from negative energy.
   It affects your resistance to hostile enchantments.
   It lets you blink.
 v - a +4 ring of strength (left hand)
 w - an uncursed ring of wizardry
 D - a +3 amulet of reflection (around neck)
 L - an uncursed amulet of harm {unknown}
 R - an uncursed ring of stealth {unknown}
Wands
 d - a wand of iceblast (22)
 s - a wand of enslavement (15)
 y - a wand of disintegration (11)
 K - a wand of acid (11)
Scrolls
 e - 2 scrolls of noise
 f - a scroll of magic mapping
 h - 4 scrolls of remove curse
 l - a scroll of enchant armour {unknown}
 x - 7 scrolls of teleportation
 B - 2 scrolls of immolation
 C - 3 scrolls of fear
 G - a scroll of blinking
 H - 2 scrolls of holy word {unknown}
 N - a scroll of enchant weapon
 O - a scroll of summoning {unknown}
 Q - a scroll of brand weapon {unknown}
Potions
 i - 2 potions of degeneration
 m - 5 potions of brilliance
 o - 3 potions of cancellation
 r - a potion of agility
 t - 3 potions of curing
 u - a potion of mutation {unknown}
 z - 4 potions of haste
 E - 2 potions of might {unknown}
 M - a potion of flight {unknown}
Books
 c - a book of Maledictions

   Spells                             Type                      Level
   a - Corona                         Hexes                        1
   b - Ensorcelled Hibernation        Hexes/Ice                    2
   c - Confuse                        Hexes                        3
   d - Tukima's Dance                 Hexes                        3
   e - Dazzling Spray                 Conjuration/Hexes            3
 n - a book of Misfortune

   Spells                             Type                      Level
   a - Confusing Touch                Hexes                        1
   b - Confuse                        Hexes                        3
   c - Gell's Gravitas                Translocation                3
   d - Petrify                        Transmutation/Earth          4
   e - Metabolic Englaciation         Hexes/Ice                    5
   f - Yara's Violent Unravelling     Hexes/Transmutation          5
 J - a book of Geomancy

   Spells                             Type                      Level
   a - Sandblast                      Earth                        1
   b - Passwall                       Transmutation/Earth          2
   c - Stone Arrow                    Conjuration/Earth            3
   d - Petrify                        Transmutation/Earth          4
   e - Lee's Rapid Deconstruction     Earth                        5
 S - a book of Dreams

   Spells                             Type                      Level
   a - Ensorcelled Hibernation        Hexes/Ice                    2
   b - Borgnjor's Vile Clutch         Necromancy/Earth             5
   c - Silence                        Hexes/Air                    5
   d - Darkness                       Hexes                        6
   e - Shadow Creatures               Summoning                    6
 T - the Almanac of Freezing Heat
   (You found it on level 10 of the Dungeon)

   Spells                             Type                      Level
   a - Ice Form                       Ice/Transmutation            4
   b - Bolt of Magma                  Conjuration/Fire/Earth       5
   c - Bolt of Cold                   Conjuration/Ice              6
Comestibles
 p - 6 rations


   Skills:
 + Level 3.9 Fighting
 - Level 10.0 Short Blades
 * Level 6.8 Slings
 - Level 12.3 Dodging
 + Level 14.9 Stealth
 - Level 4.0 Spellcasting
 - Level 2.0 Conjurations
 + Level 9.6 Hexes
 - Level 3.1 Ice Magic
 - Level 3.7 Invocations


You had 10 spell levels left.
You knew the following spells:

 Your Spells              Type           Power        Failure   Level  Hunger
a - Ensorcelled Hibernat  Hex/Ice        #####.       1%          2    #......
b - Corona                Hex            ######.      1%          1    None
c - Confuse               Hex            ######..     1%          3    ##.....
d - Dazzling Spray        Conj/Hex       ####..       2%          3    ##.....


Dungeon Overview and Level Annotations

Branches:
Dungeon (10/15)            Temple (1/1) D:6            Lair (2/6) D:10
    Orc (0/2) D:9
  Swamp: Lair:2-4    Shoals: Lair:2-4     Snake: Lair:2-4    Spider: Lair:2-4

Altars:
Ashenzari
Cheibriados
Dithmenos
Elyvilon
Fedhas
Gozag
Hepliaklqana
Kikubaaqudgha
Makhleb
Nemelex Xobeh
Okawaru
Qazlal
Ru
Sif Muna
Trog
Uskayaw
Vehumet
Wu Jian
Xom
Yredelemnul
Zin
The Shining One
Beogh

Shops:
D:7 =(*

Annotations:
D:5 sking99's ghost, novice GrFi
D:8 2 transporters
D:10 exclusion: 2 oklob saplings
Lair:1 exclusion: 2 oklob plants


Innate Abilities, Weirdness & Mutations

You are very small and have problems with some larger weapons.
You are too small for most types of armour.
You have supernaturally acute eyesight. (SInv)
You are a herbivore.
You cover ground extremely quickly.
You need consume almost no food.


Message History

Found a robe.
Found a glowing lajatang.
Partly explored, can't reach some places.
Partly explored, can't reach some places.
Really walk into that cloud of freezing vapour? [Y]es or [N]o only, please.
Really walk into that cloud of freezing vapour?
You are engulfed in freezing vapours.
You are engulfed in freezing vapours.
You enter the shallow water.
Moving in this stuff is going to be slow.
You start resting.
You are engulfed in freezing vapours.
You see here a glowing lajatang.
You start resting.
You are engulfed in freezing vapours.
* * * LOW HITPOINT WARNING * * *
You feel better.
You start resting.
You are engulfed in freezing vapours.
You die...

## ### §#
##.##§#
####..#..#
##...≈.§#§#
#..§.§##§#
##.##.##@##
#.########
#..###.##
#..#....#
##......##
#.[.###.†##
##.##
##.†##
#######...#
#∩#.###..##


There were no monsters in sight!

Vanquished Creatures
  A fire giant (D:10)
  Erica (Lair:1)
  A two-headed ogre (D:9)
  Urug (D:10)
  A deep elf mage (D:10)
  A gargoyle (D:10)
  2 spiny frogs
  A rime drake (Lair:1)
  3 komodo dragons (Lair:1)
  A troll (D:9)
  3 blink frogs (Lair:1)
  A polar bear (IceCv)
  Prince Ribbit (Lair:1)
  A hornet (D:10)
  3 hippogriffs
  11 yaks
  2 wyverns
  A basilisk (Lair:1)
  A hungry ghost (D:9)
  4 water moccasins
  6 orc warriors
  5 porcupines (Lair:1)
  5 ice beasts
  A phantom (D:10)
  2 sky beasts
  A black bear (D:6)
  8 wolves
  7 ogres
  3 crocodiles (Lair:1)
  3 centaurs
  3 big kobolds
  8 bullfrogs
  A gnoll sergeant (D:6)
  A wyvern zombie (D:9)
  A wyvern skeleton (D:10)
  6 scorpions
  13 killer bees
  3 wights (D:9)
  6 howler monkeys
  3 crimson imps
  7 jellies
  3 centaur skeletons
  A bullfrog skeleton (D:5)
  3 bullfrog zombies
  2 centaur zombies
  3 orc priests
  4 hounds
  11 orc wizards
  3 iguanas
  2 worker ants (D:10)
  A hound zombie (D:10)
  3 hound skeletons
  A worker ant zombie (D:5)
  Robin (D:2)
  6 gnolls
  A howler monkey skeleton (D:5)
  12 adders
  4 shadow imps
  5 oozes (D:9)
  2 adder skeletons
  A worm (D:3)
  2 dart slugs (D:1)
  8 leopard geckos
  29 orcs
  2 giant cockroaches
  17 goblins
  14 hobgoblins
  7 jackals
  5 quokkas
  8 ball pythons
  8 bats
  8 frilled lizards
  18 kobolds
  5 rats
334 creatures vanquished.

Vanquished Creatures (others)
  A wolf (IceCv)
  5 plants
6 creatures vanquished.

Grand Total: 340 creatures vanquished

Notes
Turn   | Place    | Note
-------+----------+-------------------------------------------
     0 | D:1      | sking99 the Spriggan Enchanter began the quest for the Orb.
     0 | D:1      | Reached XP level 1. HP: 9/9 MP: 5/5
   123 | D:1      | Reached XP level 2. HP: 12/13 MP: 6/6
   154 | D:1      | Learned a level 2 spell: Ensorcelled Hibernation
  1015 | D:1      | Reached skill level 5 in Stealth
  1152 | D:1      | Reached XP level 3. HP: 16/16 MP: 1/8
  1590 | D:1      | Learned a level 3 spell: Confuse
  2021 | D:2      | Reached skill level 1 in Ice Magic
  2593 | D:2      | Reached XP level 4. HP: 21/21 MP: 9/9
  2632 | D:2      | Learned a level 3 spell: Dazzling Spray
  2763 | D:2      | Noticed Robin
  3195 | D:2      | Killed Robin
  3669 | D:3      | Found a glowing silver altar of Zin.
  3716 | D:3      | Found a shimmering altar of Xom.
  3718 | D:3      | Found a deep blue altar of Sif Muna.
  3718 | D:3      | Found a sacrificial altar of Ru.
  3720 | D:3      | Found a blossoming altar of Fedhas.
  3720 | D:3      | Found an opulent altar of Gozag.
  3720 | D:3      | Found an ancient bone altar of Kikubaaqudgha.
  4720 | D:4      | Reached XP level 5. HP: 24/24 MP: 5/10
  4828 | D:4      | Reached skill level 6 in Stealth
  5504 | D:4      | Found a snail-covered altar of Cheibriados.
  5599 | D:5      | Entered Level 5 of the Dungeon
  5603 | D:5      | Reached skill level 5 in Hexes
  5634 | D:5      | Reached skill level 1 in Conjurations
  5754 | D:5      | Reached XP level 6. HP: 28/28 MP: 6/12
  5769 | D:5      | Noticed sking99's ghost (novice GrFi)
  6260 | D:5      | Noticed a sky beast
  6281 | D:5      | Killed a sky beast
  6281 | D:5      | Reached XP level 7. HP: 8/32 MP: 3/14
  6553 | D:5      | Reached skill level 7 in Stealth
  7108 | D:6      | Reached skill level 5 in Dodging
  7454 | D:6      | Found an opulent altar of Gozag.
  7826 | D:6      | Found a staircase to the Ecumenical Temple.
  7839 | Temple   | Entered the Ecumenical Temple
  7920 | Temple   | Became a worshipper of Dithmenos the Shadowed
  8007 | D:6      | Found a glowing golden altar of the Shining One.
  8274 | D:7      | Found Tubagh's General Store.
  8298 | D:6      | Reached skill level 8 in Stealth
  8599 | D:6      | Reached XP level 8. HP: 35/36 MP: 12/15
  9348 | D:7      | Reached skill level 9 in Stealth
  9394 | D:7      | Got a bound ivory ring
  9510 | D:7      | Found Viytel's Weapon Emporium.
  9579 | D:7      | Found Jobb's Jewellery Boutique.
  9918 | D:7      | Bought a +4 ring of strength for 378 gold pieces
  9921 | D:7      | Identified the ring "Quttamn" {+Blink rN+ MR+ Int+3} (You found it on level 7 of the Dungeon)
 10205 | D:8      | Reached * piety under Dithmenos
 10566 | D:8      | Reached XP level 9. HP: 33/39 MP: 4/16
 10809 | D:8      | Reached skill level 10 in Stealth
 11197 | D:8      | Found a transporter.
 11235 | D:8      | Found a transporter.
 11648 | D:8      | Reached skill level 5 in Short Blades
 11752 | D:9      | Reached skill level 11 in Stealth
 12100 | D:9      | Reached ** piety under Dithmenos
 12158 | D:9      | Noticed a troll
 12159 | D:9      | Noticed a two-headed ogre
 12179 | D:9      | Killed a troll
 12179 | D:9      | Reached skill level 10 in Dodging
 12388 | D:9      | Found a staircase to the Orcish Mines.
 12697 | D:9      | Killed a two-headed ogre
 12697 | D:9      | Reached skill level 12 in Stealth
 12697 | D:9      | Reached XP level 10. HP: 44/44 MP: 6/17
 12764 | D:9      | Found a roughly hewn altar of Beogh.
 12809 | D:10     | Entered Level 10 of the Dungeon
 12935 | D:10     | Reached skill level 1 in Invocations
 13199 | D:10     | Noticed Urug
 13205 | D:10     | Killed Urug
 13880 | D:9      | Reached skill level 13 in Stealth
 14465 | D:10     | Found a blossoming altar of Fedhas.
 14850 | D:10     | Reached *** piety under Dithmenos
 15201 | D:10     | Reached XP level 11. HP: 44/47 MP: 15/18
 15814 | D:10     | Reached skill level 1 in Fighting
 15990 | D:10     | Found a staircase to the Lair.
 16178 | D:10     | Noticed a deep elf mage
 16179 | D:10     | Noticed a fire giant
 16180 | D:10     | Found the +7 great mace "Firestarter" {inner flame, rF++}
 16182 | D:10     | Killed a fire giant
 16185 | D:10     | Killed a deep elf mage
 16185 | D:10     | Reached **** piety under Dithmenos
 16191 | D:10     | Identified the Almanac of Freezing Heat
 16202 | D:10     | Got a crude fustibalus
 16205 | D:10     | Got crude pearl dragon scales
 16208 | D:10     | Identified the cursed +1 fustibalus of Nupeiq {freeze, Int+4 Dex+6 Stlth+} (You found it on level 10 of the Dungeon)
 16214 | D:10     | Identified the +7 pearl dragon scales of Tamun {rElec rF+ rN+} (You found it on level 10 of the Dungeon)
 17571 | D:10     | Reached skill level 10 in Short Blades
 18047 | Lair:1   | Entered Level 1 of the Lair of Beasts
 18059 | Lair:1   | Reached skill level 1 in Slings
 18063 | Lair:1   | Reached skill level 14 in Stealth
 18246 | Lair:1   | Noticed Erica
 18270 | Lair:1   | Killed Erica
 18532 | Lair:1   | Reached skill level 5 in Slings
 18944 | Lair:1   | Noticed Prince Ribbit
 18962 | Lair:1   | Killed Prince Ribbit
 18962 | Lair:1   | Reached XP level 12. HP: 56/56 MP: 9/19
 19518 | Lair:2   | Found a frozen archway.
 19558 | IceCv    | Entered an ice cave
 19752 | IceCv    | HP: 1/58 [something (19)]
 19780 | IceCv    | Engulfed by a cloud of freezing vapour

Skill      XL: |  1  2  3  4  5  6  7  8  9 10 11 12 |
---------------+-------------------------------------+-----
Spellcasting   | 3 4 |  4.0
Hexes          | 4 5 6 7 8 9 |  9.6
Stealth        | 5 6 8 9 12 13 14 | 14.9
Ice Magic      | 1 2 3 |  3.1
Dodging        | 4 6 8 10 11 12 | 12.3
Conjurations   | 1 2 |  2.0
Short Blades   | 4 6 9 10 | 10.0
Invocations    | 3 |  3.7
Fighting       | 3 |  3.9
Slings         | 5 6 |  6.8

Action                   |  1- 3 |  4- 6 |  7- 9 | 10-12 || total
-------------------------+-------+-------+-------+-------++-------
Melee: Dagger            |    84 |     4 |   162 |   632 ||   882
       Short sword       |       |   106 |    46 |       ||   152
 Fire: Fustibalus        |       |       |       |    15 ||    15
Throw: Stone             |       |       |       |    17 ||    17
 Cast: Ensorcelled Hiber |    51 |    63 |   128 |   147 ||   389
       Corona            |     1 |       |       |       ||     1
       Dazzling Spray    |       |     3 |     6 |     4 ||    13
       Confuse           |       |     8 |    34 |    25 ||    67
Invok: Shadow Step       |       |       |     1 |     2 ||     3
 Abil: Evoke Blink       |       |       |     3 |       ||     3
Evoke: Wand              |       |       |     1 |       ||     1
  Use: Scroll            |     3 |       |    12 |     6 ||    21
       Potion            |     2 |       |     3 |     1 ||     6
 Stab: Sleeping          |    33 |    39 |    76 |   114 ||   262
       Confused          |       |     2 |    13 |    18 ||    33
       Invisible         |       |       |     2 |     3 ||     5
  Eat: Ration            |     1 |     3 |     6 |     5 ||    15
Armor: Robe              |    12 |    21 |    14 |    12 ||    59
       Pearl dragon scal |       |       |       |     4 ||     4
Dodge: Dodged            |   108 |    83 |   229 |   336 ||   756
Block: Other             |       |       |    19 |    38 ||    57
       Reflection        |       |       |     2 |     1 ||     3
